 Dungeon Crawl Stone Soup version 0.22.0-75-g3901e79 (webtiles) character file.

1106 maniek23 the Chopper (level 8, -9/71 HPs)
             Began as a Minotaur Fighter on Sept 15, 2018.
             Was a Believer of Trog.
             Mangled by a sun demon (18 damage)
             ... on level 1 of the Abyss.
             The game lasted 00:18:48 (4741 turns).

maniek23 the Chopper (Minotaur Fighter)             Turns: 4741, Time: 00:18:48

Health: -9/71      AC:  9    Str: 22    XL:     8   Next: 11%
Magic:  16/16      EV:  6    Int:  5    God:    Trog [**....]
Gold:   284        SH: 10    Dex: 11    Spells: 7/7 levels left

rFire    . . .     SeeInvis .   B - +2 flail (protect)
rCold    . . .     Gourm    .   c - +0 shield
rNeg     . . .     Faith    .   t - +0 chain mail
rPois    .         Spirit   .   (helmet restricted)
rElec    .         Reflect  .   (no cloak)
rCorr    .         Harm     .   (no gloves)
MR       .....                  (no boots)
Stlth    ..........             (no amulet)
HPRegen  0.21/turn              o - ring of magical power
MPRegen  0.15/turn              C - +6 ring of slaying

@: about to teleport, very slightly contaminated, drained
A: retaliatory headbutt, horns 2
a: Berserk, Trog's Hand, Renounce Religion


You were on level 1 of the Abyss.
You worshipped Trog.
Trog was pleased with you.
You were very hungry.

You visited 1 branch of the dungeon, and saw 5 of its levels.
You visited the Abyss 1 time.

You collected 284 gold pieces.

Inventory:

Hand Weapons
 a - a +0 war axe
 A - a +2 vampiric rapier
 B - a +2 flail of protection (weapon)
 D - a +2 spear of distortion
Armour
 b - a +0 scale mail
 c - a +0 shield (worn)
 t - a +0 chain mail (worn)
Jewellery
 o - a ring of magical power (left hand)
 x - an uncursed ring of wizardry
 C - a +6 ring of slaying (right hand)
Wands
 y - a wand of iceblast (18)
Scrolls
 h - 2 scrolls of identify
 j - 8 scrolls of remove curse
 k - a scroll of noise
 m - a scroll of blinking
 u - a scroll of magic mapping
Potions
 d - 2 potions of might
 e - 2 potions of mutation
 g - a potion of berserk rage {unknown}
 i - a potion of heal wounds
 l - a potion of curing
 q - a potion of haste {unknown}
 s - 2 potions of lignification {unknown}
 v - a potion of agility {unknown}
 w - a potion of brilliance {unknown}
Comestibles
 f - 7 rations
 z - 8 chunks of flesh


   Skills:
 * Level 6.4(5.9) Fighting
 + Level 7.1(6.6) Axes
 + Level 5.7(5.3) Armour
 + Level 1.9(1.5) Dodging
 - Level 0.1(0.0) Stealth
 + Level 6.6(6.1) Shields


You had 7 spell levels left.
You didn't know any spells.
Your spell library was empty.

Dungeon Overview and Level Annotations

Branches:
Dungeon (5/15)
 Temple: D:4-7

Altars:
Cheibriados
Dithmenos
Makhleb
Sif Muna
Trog
Wu Jian
Xom
Yredelemnul
The Shining One


Innate Abilities, Weirdness & Mutations

You reflexively headbutt those who attack you in melee.
You have a pair of horns on your head.


Message History

You block the small abomination's attack.
The ynoxinul gestures.
As you read the scroll of fear, it crumbles to dust.
You assume a fearsome visage.
The small abomination is unaffected.
The fire bat looks frightened!
The ynoxinul is unaffected.
The apocalypse crab is unaffected.
The sun demon is unaffected.
The quasit is unaffected.
The large abomination is unaffected.
The hungry ghost is unaffected.
The small abomination is unaffected.
The ufetubus is unaffected. x9
The ufetubus disappears in a puff of smoke!
You block the sun demon's attack.
The large abomination completely misses you.
The small abomination completely misses you.
You furiously retaliate!
You headbutt the small abomination! The hungry ghost completely misses you.
As you read the scroll of teleportation, it crumbles to dust.
You feel strangely unstable.
You feel the power of the Abyss delaying your translocation!
The sun demon hits you!!
You die...

..##...b..##...
................
..5.............
....555.........
...3.55........
.....5........ .
........553§§§..
...... #..t@§§#
......##..XxW§##.
.....§§§§x§§..
.......§§§§§§....
........§§§§§ .....
.... .... .........
....X....... ......
...................
. ....# ......##.


You could see a sun demon, an apocalypse crab, a large abomination, a hungry
ghost, a ynoxinul, 2 small abominations, a fire bat (fleeing), a quasit and 8
ufetubi.

Vanquished Creatures
  Eustachio (D:5)
  2 ogres
  A phantom (D:4)
  A centaur (D:5)
  A scorpion (D:4)
  A bullfrog skeleton (D:5)
  A hound (D:4)
  4 orc priests
  3 orc wizards
  2 iguanas (D:5)
  2 worker ants (D:4)
  A worker ant zombie (D:5)
  5 adders
  3 shadow imps (D:4)
  An ufetubus (Abyss:1)
  An ooze (D:5)
  An adder skeleton (D:5)
  A worm (D:2)
  2 dart slugs (D:1)
  2 leopard geckos
  16 orcs
  4 giant cockroaches
  8 goblins
  12 hobgoblins
  10 jackals
  4 quokkas
  A ball python (D:1)
  6 bats
  3 frilled lizards
  5 kobolds
  8 rats
113 creatures vanquished.

Vanquished Creatures (others)
  2 starspawn tentacles (Abyss:1)
2 creatures vanquished.

Grand Total: 115 creatures vanquished

Notes
Turn   | Place    | Note
-------+----------+-------------------------------------------
     0 | D:1      | maniek23 the Minotaur Fighter began the quest for the Orb.
     0 | D:1      | Reached XP level 1. HP: 19/19 MP: 0/0
    42 | D:1      | Reached XP level 2. HP: 22/27 MP: 1/1
   414 | D:1      | Reached XP level 3. HP: 31/33 MP: 2/2
   502 | D:1      | Reached skill level 3 in Axes
   775 | D:2      | Found a shimmering altar of Xom.
   781 | D:2      | Found an ornate altar of the Wu Jian Council.
   785 | D:2      | Found a deep blue altar of Sif Muna.
  1369 | D:3      | Reached XP level 4. HP: 26/41 MP: 3/3
  1774 | D:3      | Found a bloodstained altar of Trog.
  1808 | D:3      | Found a shadowy altar of Dithmenos.
  1857 | D:3      | Found a snail-covered altar of Cheibriados.
  1884 | D:3      | Found a glowing golden altar of the Shining One.
  1953 | D:3      | Became a worshipper of Trog the Wrathful
  1962 | D:3      | Found a basalt altar of Yredelemnul.
  2148 | D:3      | Reached skill level 4 in Axes
  2148 | D:3      | Reached XP level 5. HP: 36/47 MP: 4/4
  2505 | D:3      | Found a burning altar of Makhleb.
  2790 | D:4      | Found a transporter.
  2815 | D:4      | Found a transporter.
  2820 | D:4      | Noticed an ogre
  2831 | D:4      | Killed an ogre
  2831 | D:4      | Reached skill level 5 in Fighting
  2831 | D:4      | Reached skill level 5 in Shields
  2831 | D:4      | Reached XP level 6. HP: 25/56 MP: 5/5
  3071 | D:4      | Reached * piety under Trog
  3071 | D:4      | Reached skill level 1 in Dodging
  3304 | D:4      | Reached skill level 5 in Axes
  3398 | D:4      | Reached skill level 5 in Armour
  3956 | D:4      | Reached XP level 7. HP: 58/62 MP: 6/6
  3998 | D:5      | Entered Level 5 of the Dungeon
  4147 | D:5      | Noticed Eustachio
  4159 | D:5      | Killed Eustachio
  4159 | D:5      | Reached skill level 6 in Axes
  4259 | D:5      | Reached skill level 7 in Axes
  4259 | D:5      | Reached XP level 8. HP: 28/71 MP: 7/7
  4638 | D:5      | Cast into level 1 of the Abyss (a distortion unwield)
  4659 | Abyss:1  | Noticed an apocalypse crab
  4666 | Abyss:1  | Paralysed by you for 3 turns
  4679 | Abyss:1  | Noticed a tentacled starspawn
  4703 | Abyss:1  | Noticed a large abomination
  4718 | Abyss:1  | Noticed an apocalypse crab
  4735 | Abyss:1  | Reached ** piety under Trog
  4738 | Abyss:1  | Noticed a sun demon
  4741 | Abyss:1  | Mangled by a sun demon

Skill      XL: |  1  2  3  4  5  6  7 |
---------------+----------------------+-----
Fighting       | 4 5 6 |  6.4
Shields        | 4 5 6 |  6.6
Axes           | 3 4 5 7 |  7.1
Armour         | 4 5 |  5.7
Dodging        | 1 |  1.9
Stealth        | |  0.1

Action                   |  1- 3 |  4- 6 |  7- 9 || total
-------------------------+-------+-------+-------++-------
Melee: War axe           |   103 |   150 |    43 ||   296
       Headbutt          |     9 |    19 |    17 ||    45
       Flail             |       |       |    18 ||    18
Invok: Berserk           |       |       |     2 ||     2
Evoke: Wand              |       |     1 |     3 ||     4
  Use: Scroll            |     1 |     7 |     3 ||    11
       Potion            |       |     1 |     1 ||     2
  Eat: Chunk             |     2 |     8 |     4 ||    14
Armor: Scale mail        |    30 |    18 |       ||    48
       Chain mail        |       |    45 |    39 ||    84
Dodge: Dodged            |    36 |    39 |    38 ||   113
Block: Shield            |    55 |    92 |    49 ||   196
